 Dungeon Crawl Stone Soup version 0.28.0-47-ge53b351184 (webtiles) character file.

Game seed: 1949710075279552637

100 issech the Cudgeller (level 4, -1/45 HPs)
             Began as a Troll Monk on May 11, 2022.
             Hit by a boomerang thrown by an orc (5 damage)
             ... on level 3 of the Dungeon.
             The game lasted 00:05:35 (2040 turns).

issech the Cudgeller (Troll Monk)                   Turns: 2040, Time: 00:05:36

Health: -1/45      AC:  4    Str: 19    XL:     4   Next: 46%
Magic:  3/3        EV: 10    Int:  6    God:
Gold:   174        SH:  0    Dex: 14    Spells: 3/3 levels left

rFire   . . .      SeeInvis .   a - +0 mace
rCold   . . .      Faith    .   (no shield)
rNeg    . . .      Spirit   .   b - +0 robe
rPois   .          Reflect  .   (helmet restricted)
rElec   .          Harm     .   (no cloak)
rCorr   .          Rampage  .   (gloves unavailable)
Will    .....                   (boots unavailable)
Stlth   ++........              (no amulet)
HPRegen 0.95/turn               (no ring)
MPRegen 0.08/turn               (no ring)

@: no status effects
A: large, unfitting armour, claws 3, regeneration 1, shaggy fur 1, tough skin 1
a: no special abilities


You were on level 3 of the Dungeon.
You visited 1 branch of the dungeon, and saw 3 of its levels.

You collected 174 gold pieces.

Inventory:

Hand Weapons
 a - a +0 mace (weapon)
Missiles
 h - 89 stones (quivered)
 n - 18 arrows
Armour
 b - a +0 robe (worn)
Scrolls
 c - 2 scrolls of magic mapping {unknown}
 d - a scroll of fog {unknown}
 e - a scroll of vulnerability {unknown}
 i - a scroll of identify {unknown}
 j - a scroll of immolation {unknown}
 k - a scroll of teleportation {unknown}
 m - a scroll of noise {unknown}
Potions
 f - a potion of heal wounds {unknown}
 g - a potion of might {unknown}
 l - a potion of curing {unknown}


   Skills:
 + Level 3.0 Fighting
 + Level 3.6 Maces & Flails
 + Level 0.2 Throwing
 + Level 3.0 Dodging
 + Level 1.3 Stealth


You had 3 spell levels left.
You didn't know any spells.
Your spell library contained the following spells:

 Spells                   Type           Power      Damage    Failure   Level
 Beastly Appendage        Tmut           0%         N/A       45%         1
 Ensorcelled Hibernation  Hex/Ice        0%         N/A       58%         2
 Wereblood                Tmut           0%         N/A       58%         2
 Spider Form              Tmut/Pois      0%         N/A       83%         3
 Anguish                  Hex/Necr       0%         N/A       99%         4


Dungeon Overview and Level Annotations

Branches:
Dungeon (3/15)

Altars:


Innate Abilities, Weirdness & Mutations

You are too large for most types of armour.
You have claws for hands.
Your natural rate of healing is unusually fast.
You are covered in fur. (AC +1)
You have tough skin. (AC +1)


Message History

The orc hits you with a +0 short sword.
You closely miss the orc. The orc barely misses you.
The orc hits you with a +0 short sword.
You hit the orc.
The orc is lightly wounded.
The orc hits you but does no damage. The orc hits you with a +0 short sword.
The orc hits you with a +0 flail.
You hit the orc.
The orc is heavily wounded.
The orc barely misses you. The orc misses you.
The orc hits you but does no damage.
You barely miss the orc.
The orc is heavily wounded.
The orc barely misses you. x2
You barely miss the orc.
The orc is heavily wounded.
The orc barely misses you. The orc closely misses you.
You barely miss the orc.
The orc is heavily wounded.
The orc hits you with a +0 flail. The orc hits you but does no damage.
You hit the orc but do no damage.
The orc is heavily wounded.
The orc hits you but does no damage. The orc barely misses you.
The orc hits you with a +0 flail.
* * * LOW HITPOINT WARNING * * *
You hit the orc.
The orc is heavily wounded.
The orc hits you with a +0 short sword.
* * * LOW HITPOINT WARNING * * *
The orc hits you with a +0 flail.
* * * LOW HITPOINT WARNING * * *
The orc misses you.
You hit the orc.
You kill the orc!
The orc barely misses you.
The orc throws a boomerang.
The boomerang hits you.
* * * LOW HITPOINT WARNING * * *
Items here: )) [[ †.
The orc throws a boomerang.
The boomerang hits you.
You die...

########## #####
.........# ####...####.
.........####.).........
..........ob..##........
.......@.####........###
###.###### #.##...#..#
##.##...# .# #......##
## #......# ..
#......#####.
#......##....
#............
#......##...>


You could see an orc and a bat.

Vanquished Creatures
  An orc wizard (D:3)
  An adder (D:2)
  A worm (D:2)
  2 dart slugs
  An orc (D:3)
  8 endoplasms
  5 giant cockroaches
  2 goblins
  4 hobgoblins (D:2)
  5 jackals
  3 quokkas
  5 ball pythons
  4 bats (D:1)
  4 frilled lizards
  3 kobolds
  4 rats
  A toadstool (D:2)
54 creatures vanquished.

Vanquished Creatures (others)
  7 fungi (D:2)
  3 toadstools (D:2)
10 creatures vanquished.

Grand Total: 64 creatures vanquished

Notes
Turn   | Place    | Note
-------+----------+-------------------------------------------
     0 | D:1      | issech the Troll Monk began the quest for the Orb.
     0 | D:1      | Reached XP level 1. HP: 22/22 MP: 0/0
   218 | D:1      | Reached XP level 2. HP: 29/29 MP: 1/1
   527 | D:1      | Reached XP level 3. HP: 36/36 MP: 2/2
  1935 | D:3      | Reached XP level 4. HP: 44/44 MP: 3/3
  2035 | D:3      | HP: 1/45 [orc/+0 flail (6)]
  2040 | D:3      | Hit by a boomerang thrown by an orc

Illustrated notes

Levels and vault maps discovered:
D:1:      giann_forest_graveyard, layout_loops_ring
D:2:      layout_basic, minmay_misc_feat_room, minmay_gold_behind_fungi
D:3:      layout_rooms, ebering_ecumenical_altar_rust

Skill      XL: |  1  2  3  4 |
---------------+-------------+-----
Maces & Flails | 3 |  3.6
Fighting       | 3 |  3.0
Dodging        | 3 |  3.0
Throwing       | |  0.2
Stealth        | |  1.3

Action                   |  1- 3 |  4- 6 || total
-------------------------+-------+-------++-------
Melee: Mace              |   132 |    29 ||   161
       Punch             |     4 |       ||     4
Throw: Stone             |     7 |       ||     7
 Stab: Sleeping          |     2 |       ||     2
Armor: Robe              |    49 |    11 ||    60
Dodge: Dodged            |    82 |    31 ||   113
